 Dungeon Crawl Stone Soup version 0.19.1-1-g22dce08 (webtiles) character file.

109 dngmouse the Chopper (level 4, -1/60 HPs)
             Began as a Minotaur Berserker on Jan 18, 2017.
             Was a Believer of Trog.
             Killed by divine providence
             ... invoked by an orc priest
              (12 damage)
             ... on level 3 of the Dungeon.
             The game lasted 00:04:23 (1475 turns).

dngmouse the Chopper (Minotaur Berserker)           Turns: 1475, Time: 00:04:24

Health: -1/60      AC: 13    Str: 28    XL:     4   Next: 60%
Magic:  3/3        EV:  9    Int:  4    God:    Trog [**....]
Gold:   70         SH:  0    Dex:  9    Spells: 0 memorised, 3 levels left

rFire  . . .     SeeInvis .     a - +0 hand axe
rCold  . . .     Gourm    .     t - +0 chain mail
rNeg   . . .     Faith    .     (no shield)
rPois  .         Spirit   .     j - +0 hat
rElec  .         Reflect  .     o - +2 cloak
rCorr  .         Harm     .     (no gloves)
MR     ++...                    l - +0 pair of boots (curse)
Stlth  ..........               (no amulet)
                                (no ring)
                                (no ring)

@: berserking, regenerating, very quick
A: retaliatory headbutt, horns 2
a: Berserk, Trog's Hand, Burn Spellbooks, Renounce Religion


You were on level 3 of the Dungeon.
You worshipped Trog.
Trog was pleased with you.
You were very hungry.

You visited 1 branch of the dungeon, and saw 3 of its levels.

You collected 70 gold pieces.

Inventory:

Hand Weapons
 a - a +0 hand axe (weapon)
Armour
 j - a +0 hat (worn)
 l - a cursed +0 pair of boots (worn)
 o - a +2 cloak (worn)
 t - a +0 chain mail (worn)
Scrolls
 d - 2 scrolls of identify {unknown}
 e - a scroll of recharging {unknown}
 i - a scroll of amnesia {unknown}
 m - 2 scrolls of immolation {unknown}
 n - a scroll of teleportation {unknown}
 q - a scroll of enchant armour {unknown}
 u - a scroll of remove curse {unknown}
Potions
 b - 3 potions of haste {unknown}
 f - 2 potions of invisibility {unknown}
 g - 2 potions of heal wounds {unknown}
 h - a potion of cancellation {unknown}
 k - a potion of berserk rage {unknown}
 p - 3 potions of degeneration {unknown}
 r - a potion of curing {unknown}
 s - a potion of agility {unknown}
Comestibles
 c - 2 bread rations


   Skills:
 - Level 4.1 Fighting
 * Level 6.2 Axes
 - Level 2.4 Armour
 - Level 2.1 Dodging


You had 3 spell levels left.
You didn't know any spells.

Dungeon Overview and Level Annotations

Branches:
Dungeon (3/15)

Altars:


Innate Abilities, Weirdness & Mutations

You reflexively headbutt those who attack you in melee.
You have a pair of horns on your head.


Message History

Unknown command.
Your chain mail prevents you from hitting the orc priest.
The orc priest is almost dead.
You hit something but do no damage. You completely miss the orc.
The orc hits you with a trident.
* * * LOW HITPOINT WARNING * * *
The orc priest hits you with a mace.
* * * LOW HITPOINT WARNING * * *
Something hits you but does no damage.
Your skin crawls.
You feel resistant to hostile enchantments.
You feel somewhat more hungry. The orc hits you with a trident.
* * * LOW HITPOINT WARNING * * *
Something hits you but does no damage.
A red film seems to cover your vision as you go berserk!
You feel yourself moving faster!
You feel mighty!
You are feeling very hungry.
The orc priest calls down the wrath of Beogh upon you.
Beogh smites you!
You die...

#.. .......
###.#######... #
#.........#...
#.#####.........#... .
#.#.............#...
..###.#.###.........#...
.................####...
......{o................
.###.o@.$.......#......
#.#####.......#.##.# #
#.......#.##..
#.............
#.......#.###.
#.......#.# .
........##.# .
.)<......##.# .
.........#


You could see an orc priest and an orc.

Vanquished Creatures
  An orc priest (D:3)
  2 adders (D:2)
  An ooze (D:1)
  A worm (D:2)
  2 dart slugs
  3 leopard geckos
  7 bats
  3 giant cockroaches
  4 hobgoblins (D:1)
  5 jackals
  8 goblins
  4 kobolds
  4 rats (D:1)
45 creatures vanquished.

Notes
Turn   | Place    | Note
-------+----------+-------------------------------------------
     0 | D:1      | dngmouse the Minotaur Berserker began the quest for the Orb.
     0 | D:1      | Reached XP level 1. HP: 19/19 MP: 0/0
   159 | D:1      | Reached XP level 2. HP: 22/27 MP: 1/1
   223 | D:1      | Reached skill level 4 in Axes
   519 | D:1      | Reached XP level 3. HP: 33/33 MP: 2/2
   775 | D:2      | Reached ** piety under Trog
   806 | D:2      | Reached skill level 5 in Axes
  1203 | D:2      | Reached XP level 4. HP: 40/40 MP: 3/3
  1460 | D:3      | Reached skill level 6 in Axes
  1475 | D:3      | Killed from afar by an orc priest

Skill      XL: |  1  2  3  4 |
---------------+-------------+-----
Fighting       | 4 |  4.1
Axes           | 4 5 6 |  6.2
Armour         | |  2.4
Dodging        | |  2.1

Action                   |  1- 3 |  4- 6 || total
-------------------------+-------+-------++-------
Melee: Hand axe          |    83 |    30 ||   113
       Headbutt          |    18 |     4 ||    22
Invok: Berserk           |       |     1 ||     1
       Trog's Hand       |       |     1 ||     1
  Eat: Chunk             |       |     2 ||     2
Armor: Animal skin       |     5 |       ||     5
       Leather armour    |    20 |       ||    20
       Chain mail        |    14 |    26 ||    40
Dodge: Dodged            |    57 |    12 ||    69
